 Dungeon Crawl Stone Soup version 0.28-a0-653-g7e9dba17c3 (webtiles) character file.

Game seed: 5404320405671202475

31472 pokeman the Eclecticist (level 13, -6/72 HPs)
             Began as a Deep Elf Hedge Wizard on Oct 11, 2021.
             Was a Believer of Vehumet.
             Mangled by a catoblepas (32 damage)
             ... on level 13 of the Dungeon.
             The game lasted 00:51:25 (19863 turns).

pokeman the Eclecticist (Deep Elf Hedge Wizard)    Turns: 19863, Time: 00:51:26

Health: -6/72      AC:  8    Str:  7    XL:     13   Next: 26%
Magic:  21/46      EV: 12    Int: 25    God:    Vehumet [**....]
Gold:   888        SH:  0    Dex: 14    Spells: 30/49 levels left

rFire   . . .      SeeInvis .   P - staff of earth
rCold   . . .      Faith    .   (no shield)
rNeg    . . .      Spirit   .   o - +0 troll leather armour
rPois   .          Reflect  .   g - +0 helmet
rElec   .          Harm     .   (no cloak)
rCorr   .          Rampage  .   d - +0 pair of gloves
Will    +....                   C - +0 pair of boots
Stlth   ++........              Y - amulet of magic regeneration
HPRegen 1.22/turn               e - ring of magical power
MPRegen 0.55/turn               U - ring of flight

@: lethally poisoned (-6 -> -7), flying
A: no striking features
a: Renounce Religion


You were on level 13 of the Dungeon.
You worshipped Vehumet.
Vehumet was pleased with you.
You visited 2 branches of the dungeon, and saw 15 of its levels.
You also visited: Gauntlet.

You collected 916 gold pieces.
You spent 28 gold pieces at shops.

Inventory:

Hand Weapons
 V - a +4 long sword of electrocution
 X - a +0 longbow
Missiles
 i - 194 arrows
Armour
 d - a +0 pair of gloves (worn)
 g - a +0 helmet (worn)
 o - a +0 troll leather armour (worn)
 C - a +0 pair of boots (worn)
Magical Staves
 P - a staff of earth (weapon)
Jewellery
 e - a ring of magical power (left hand)
 n - a ring of wizardry
 q - a ring of ice
 r - a ring of ice
 R - a ring of ice
 T - a ring of fire
 U - a ring of flight (right hand)
 Y - an amulet of magic regeneration (around neck)
Wands
 c - a wand of flame (6)
 l - a wand of polymorph (10)
 y - a wand of digging (13)
 H - a wand of acid (33)
Scrolls
 j - 4 scrolls of blinking
 k - 5 scrolls of teleportation
 p - a scroll of amnesia
 s - a scroll of enchant weapon
 W - 2 scrolls of magic mapping
Potions
 a - a potion of cancellation {unknown}
 f - 7 potions of magic {unknown}
 h - 2 potions of attraction {unknown}
 m - 4 potions of haste {unknown}
 x - 3 potions of lignification {unknown}
 z - 5 potions of curing {unknown}
 A - 3 potions of mutation {unknown}
 D - 3 potions of flight {unknown}
 F - a potion of heal wounds {unknown}
 J - a potion of brilliance {unknown}
 N - a potion of degeneration {unknown}
 Z - a potion of invisibility {unknown}
Miscellaneous
 b - a piece from Xom's chessboard (15/15)
 S - a phial of floods


   Skills:
 + Level 5.2 Fighting
 - Level 5.0 Armour
 - Level 3.0 Dodging
 - Level 3.0 Stealth
 - Level 4.0 Shields
 * Level 18.8 Spellcasting
 + Level 11.3 Conjurations
 - Level 1.1 Summonings
 - Level 1.1 Translocations
 + Level 10.7 Fire Magic
 - Level 1.0 Ice Magic
 - Level 1.0 Air Magic
 - Level 1.2 Earth Magic
 - Level 1.2 Poison Magic
 - Level 1.0 Evocations


You had 30 spell levels left.
You knew the following spells:

 Your Spells              Type           Power      Damage    Failure   Level
a - Magic Dart            Conj           100%       1d8       1%          1
b - Mephitic Cloud        Conj/Pois/Air  46%        N/A       1%          3
c - Call Imp              Summ           29%        N/A       2%          2
d - Blink                 Tloc           N/A        N/A       2%          2
e - Conjure Flame         Conj/Fire      68%        6-21      1%          3
f - Stone Arrow           Conj/Erth      100%       3d13      1%          3
g - Freezing Cloud        Conj/Ice/Air   22%        6-21      13%         5

Your spell library contained the following spells:

 Spells                   Type           Power      Damage    Failure   Level
 Inner Flame              Hex/Fire       50%        N/A       1%          3
 Sandblast                Erth           88%        2d18      1%          1
 Ignite Poison            Fire/Tmut/Pois 43%        N/A       1%          3
 Animate Skeleton         Necr           46%        N/A       2%          1
 Pain                     Necr           92%        1d8       2%          1
 Sting                    Tmut/Pois      100%       1d8       2%          1
 Poisonous Vapours        Pois/Air       58%        N/A       2%          2
 Passwall                 Tmut/Erth      32%        N/A       3%          2
 Slow                     Hex            23%        N/A       4%          2
 Vampiric Draining        Necr           11%        2d7       9%          3
 Olgreb's Toxic Radiance  Pois           29%        N/A       17%         4
 Passage of Golubria      Tloc           N/A        N/A       19%         4
 Cause Fear               Hex            11%        N/A       28%         4
 Silence                  Hex/Air        13%        N/A       54%         5
 Dragon Form              Tmut           11%        N/A       100%        7
 Lehudib's Crystal Spear  Conj/Erth      35%        10d9      100%        8
 Dragon's Call            Summ           14%        N/A       100%        9


Dungeon Overview and Level Annotations

Branches:
Dungeon (14/15)            Temple (1/1) D:5            Lair (0/6) D:9
    Orc (0/2) D:12        Gauntlet (visited)
 Vaults: D:13-14

Altars:
Ashenzari
Cheibriados
Dithmenos
Elyvilon
Fedhas
Gozag
Hepliaklqana
Kikubaaqudgha
Makhleb
Nemelex Xobeh
Okawaru
Qazlal
Ru
Sif Muna
Trog
Uskayaw
Vehumet
Wu Jian
Xom
Yredelemnul
Zin
The Shining One

Shops:
D:4 ?   D:10 *   D:12 *   D:13 *

Annotations:
D:8 2 transporters, ytrimaz's ghost, novice MiBe
D:14 1 runed translucent door, Wociock's ghost, journeyman DgWz


Message History

The fire ignites!
You feel sick.
Casting: Conjure Flame (safe; 1% risk of failure)
Confirm with . or Enter, or press ? or * to list all spells.
Aiming: Stone Arrow (safe; 1% risk of failure)
Press: ? - help, Shift-Dir - straight line, f - catoblepas
Aim: a catoblepas (calcifying dust, 100% to hit)
You feel a surge of power!
The stone arrow hits the catoblepas!
The catoblepas is lightly wounded.
You feel sick.
The catoblepas breathes a plume of calcifying dust at you.
The blast of calcifying dust hits you.
You feel sick.
Casting: Stone Arrow (safe; 1% risk of failure)
Confirm with . or Enter, or press ? or * to list all spells.
Aiming: Stone Arrow (safe; 1% risk of failure)
Press: ? - help, Shift-Dir - straight line, f/p - catoblepas
Aim: a catoblepas (flame, lightly wounded, 100% to hit)
You feel a surge of power!
The stone arrow hits the catoblepas!!
The catoblepas is heavily wounded.
You feel sick.
The catoblepas is engulfed in blazing flames.
Casting: Stone Arrow (safe; 1% risk of failure)
Confirm with . or Enter, or press ? or * to list all spells.
Aiming: Stone Arrow (safe; 1% risk of failure)
Press: ? - help, Shift-Dir - straight line, f/p - catoblepas
Aim: a catoblepas (flame, heavily wounded, 100% to hit)
You feel a surge of power!
The stone arrow hits the catoblepas!
The catoblepas is severely wounded.
You feel sick.
The catoblepas is engulfed in blazing flames.
Casting: Stone Arrow (safe; 1% risk of failure)
Confirm with . or Enter, or press ? or * to list all spells.
Aiming: Stone Arrow (safe; 1% risk of failure)
Press: ? - help, Shift-Dir - straight line, f/p - catoblepas
Aim: a catoblepas (severely wounded, 100% to hit)
You feel a surge of power!
The stone arrow hits the catoblepas!
The catoblepas is almost dead.
You feel sick. The catoblepas gores you!!
You die...

.#...........##
#####...###### #.
#...# # #### .. #...#
# ..C##.# #...# #
##..#...## ##.## #
..#......#.###### #.#
# ..............# #.#
.. #..##Y@# #^# #.#
.#
#§§§#####.###.#####.#
###.##...............
#.§.........#####..
#.)####.###(# . #...
...# #)# ##.######
#)# #.# ####.#### #.#
#.......#


You could see a catoblepas.

Vanquished Creatures
  Nessos (D:13)
  A minotaur (Gauntlet)
  2 hydras
  2 catoblepae
  3 boulder beetles
  2 centaur warriors (D:14)
  5 two-headed ogres
  Erica (D:9)
  Urug (D:12)
  Nergalle (D:11)
  5 skeletal warriors (D:13)
  A sixfirhy (Gauntlet)
  A deep elf pyromancer (D:13)
  A wizard (D:14)
  An ugly thing (D:11)
  A manticore (D:12)
  A wolf spider (Gauntlet)
  2 cyclopes
  A moth of wrath (Gauntlet)
  4 gargoyles
  An unseen horror (D:10)
  An efreet (D:13)
  A yaktaur (D:13)
  A komodo dragon (D:6)
  3 meliai (D:13)
  2 trolls
  2 redbacks (Gauntlet)
  A shadow (D:12)
  A tarantella (shapeshifter) (D:14)
  A vampire (D:12)
  16 yaks
  A wyvern (D:8)
  A steam dragon (D:7)
  A basilisk (D:14)
  7 vampire mosquitoes
  A water moccasin (D:5)
  2 acid dragons
  2 sky beasts
  2 ice beasts (D:8)
  A hornet zombie (D:7)
  3 orc warriors
  A black bear (D:6)
  A necrophage (D:6)
  2 ogres
  4 centaurs
  A kobold brigand (D:8)
  A phantom (D:5)
  The ghost of AttackTheMoon the Ducker, an amateur SpCK of Xom (D:3)
  2 bullfrogs
  A wyvern zombie (D:8)
  A scorpion (D:4)
  2 gnoll sergeants
  2 water moccasin zombies
  A water moccasin skeleton (D:4)
  12 killer bees
  9 wights
  7 howler monkeys
  5 centaur zombies
  2 quasits (D:3)
  A hound (D:5)
  A lava snake (D:7)
  6 orc priests
  3 jellies
  2 bullfrog skeletons (D:6)
  A centaur skeleton (D:7)
  2 iguanas
  8 orc wizards
  2 killer bee zombies
  2 hound zombies (D:3)
  A hound skeleton (D:3)
  A howler monkey zombie (D:8)
  9 gnolls
  9 adders
  A shadow imp (Gauntlet)
  2 white imps (D:6)
  4 ufetubi
  2 adder zombies (D:3)
  3 worms
  5 dart slugs
  30 orcs
  5 ball pythons
  6 bats
  6 endoplasms (D:1)
  2 giant cockroaches (D:1)
  6 goblins
  4 hobgoblins
  2 jackals (D:3)
  5 quokkas
  10 kobolds
  6 rats
290 creatures vanquished.

Vanquished Creatures (collateral kills)
  A killer bee (D:10)
  A gnoll (D:7)
2 creatures vanquished.

Vanquished Creatures (others)
  A redback (Gauntlet)
  An orc wizard (D:7)
2 creatures vanquished.

Grand Total: 294 creatures vanquished

Notes
Turn   | Place    | Note
-------+----------+-------------------------------------------
     0 | D:1      | pokeman the Deep Elf Hedge Wizard began the quest for the
                  | Orb.
     0 | D:1      | Reached XP level 1. HP: 10/10 MP: 7/7
   238 | D:1      | Reached XP level 2. HP: 16/16 MP: 5/9
   569 | D:1      | Found a faded altar of an unknown god.
   726 | D:1      | Reached skill level 5 in Spellcasting
   832 | D:1      | Reached XP level 3. HP: 11/20 MP: 1/11
   836 | D:1      | Learned a level 3 spell: Mephitic Cloud
   839 | D:1      | Learned a level 2 spell: Call Imp
   842 | D:1      | Learned a level 2 spell: Blink
   846 | D:1      | Learned a level 3 spell: Conjure Flame
  1397 | D:2      | Reached skill level 1 in Fighting
  1397 | D:2      | Reached skill level 1 in Armour
  1901 | D:2      | Reached XP level 4. HP: 25/25 MP: 6/13
  1998 | D:3      | Learned a level 3 spell: Stone Arrow
  2197 | D:3      | Found a basalt altar of Yredelemnul.
  2541 | D:3      | Reached skill level 6 in Spellcasting
  2547 | D:3      | Reached skill level 1 in Shields
  2547 | D:3      | Reached XP level 5. HP: 29/29 MP: 5/15
  2765 | D:3      | Found a transporter.
  2822 | D:3      | Found a transporter.
  2881 | D:3      | Reached skill level 1 in Fire Magic
  3218 | D:3      | Noticed AttackTheMoon's ghost (amateur SpCK)
  3427 | D:4      | Reached XP level 6. HP: 34/34 MP: 17/17
  3583 | D:4      | Reached skill level 7 in Spellcasting
  3758 | D:4      | Found Bymolesi's Magic Scroll Shop.
  3767 | D:4      | Bought a scroll of identify for 28 gold pieces
  3867 | D:4      | Reached skill level 1 in Air Magic
  3941 | D:4      | Found Fyotoja's Jewellery Emporium.
  4388 | D:4      | Found a stormy altar of Qazlal.
  4393 | D:4      | Found a sparkling altar of Nemelex Xobeh.
  4393 | D:4      | Found a shimmering blue altar of Sif Muna.
  4404 | D:4      | Found a broken altar of Ashenzari.
  4407 | D:4      | Found a blossoming altar of Fedhas.
  4442 | D:4      | Reached skill level 1 in Poison Magic
  4517 | D:5      | Entered Level 5 of the Dungeon
  4523 | D:5      | Reached skill level 1 in Earth Magic
  4523 | D:5      | Reached XP level 7. HP: 38/38 MP: 20/20
  4668 | D:5      | Reached skill level 8 in Spellcasting
  5300 | D:5      | Found a staircase to the Ecumenical Temple.
  5310 | Temple   | Entered the Ecumenical Temple
  5662 | D:3      | Reached skill level 1 in Evocations
  5773 | D:3      | Killed AttackTheMoon's ghost
  5774 | D:3      | Reached XP level 8. HP: 41/44 MP: 13/22
  6001 | D:6      | Reached skill level 9 in Spellcasting
  6133 | D:6      | Noticed a komodo dragon
  6145 | D:6      | Killed a komodo dragon
  6146 | D:6      | Reached skill level 5 in Conjurations
  6151 | D:6      | Reached skill level 10 in Spellcasting
  6741 | D:6      | Reached XP level 9. HP: 48/48 MP: 25/25
  7479 | D:7      | Reached skill level 11 in Spellcasting
  8139 | D:7      | Reached skill level 5 in Fire Magic
  8305 | D:7      | Found a shimmering blue altar of Sif Muna.
  8711 | D:7      | Found a hazy altar of Hepliaklqana.
  8875 | D:8      | Found a transporter.
  8876 | D:8      | Noticed ytrimaz's ghost (novice MiBe)
  8887 | D:8      | Found a transporter.
  8891 | D:8      | Reached skill level 12 in Spellcasting
  8921 | D:8      | Noticed a moth of wrath
  9102 | D:8      | Noticed a manticore
  9862 | D:9      | Reached XP level 10. HP: 53/53 MP: 21/28
 10002 | D:9      | Noticed a two-headed ogre
 10009 | D:9      | Killed a two-headed ogre
 10010 | D:9      | Reached skill level 13 in Spellcasting
 10362 | D:9      | Found a hazy altar of Hepliaklqana.
 10424 | D:9      | Found an ancient bone altar of Kikubaaqudgha.
 10614 | D:9      | Found a staircase to the Lair.
 10633 | D:9      | Found a radiant altar of Vehumet.
 10638 | D:9      | Became a worshipper of Vehumet
 10813 | D:9      | Found a hide-covered altar of Uskayaw.
 11011 | D:9      | Found an ornate altar of the Wu Jian Council.
 11206 | D:9      | Noticed Erica
 11222 | D:9      | Killed Erica
 11223 | D:9      | Reached skill level 14 in Spellcasting
 11347 | D:9      | Found a burning altar of Makhleb.
 11400 | D:10     | Entered Level 10 of the Dungeon
 11439 | D:10     | Found a shadowy altar of Dithmenos.
 11598 | D:10     | Found Sasutol's Assorted Antiques.
 11766 | D:10     | Reached XP level 11. HP: 55/60 MP: 29/31
 11913 | D:10     | Identified the +1 ring mail "Xuesoytt" {Str+4}
 12264 | D:10     | Noticed a two-headed ogre
 12274 | D:10     | Killed a two-headed ogre
 12275 | D:10     | Reached skill level 15 in Spellcasting
 12620 | D:11     | Reached * piety under Vehumet
 12620 | D:11     | Offered knowledge of Shock by Vehumet.
 12857 | D:11     | You fall into a shaft and drop 3 floors!
 12857 | D:14     | Noticed a boulder beetle
 12902 | D:14     | Found a gate leading to a gauntlet.
 12911 | Gauntlet | Entered a Gauntlet
 12911 | Gauntlet | Noticed a catoblepas
 12911 | Gauntlet | Found a transporter.
 13017 | Gauntlet | Found a transporter.
 13020 | Gauntlet | Found a transporter.
 13021 | Gauntlet | Found a transporter.
 13028 | Gauntlet | Noticed a soul eater
 13029 | Gauntlet | Found a transporter.
 13032 | Gauntlet | Found a transporter.
 13033 | Gauntlet | Found a transporter.
 13041 | Gauntlet | Found a runed translucent door.
 13045 | Gauntlet | Found a transporter.
 13046 | Gauntlet | Found a transporter.
 13046 | Gauntlet | Noticed a sixfirhy
 13050 | Gauntlet | Found a runed translucent door.
 13051 | Gauntlet | Found a transporter.
 13052 | Gauntlet | Found a runed translucent door.
 13053 | Gauntlet | Noticed a wolf spider
 13054 | Gauntlet | Found a transporter.
 13057 | Gauntlet | Found a transporter.
 13058 | Gauntlet | Found a transporter.
 13061 | Gauntlet | Noticed an orange crystal statue
 13066 | Gauntlet | Found a transporter.
 13270 | Gauntlet | Killed a catoblepas
 13533 | Gauntlet | Killed a sixfirhy
 13594 | Gauntlet | Killed a wolf spider
 13764 | Gauntlet | Noticed a minotaur
 13789 | Gauntlet | Killed a minotaur
 13790 | Gauntlet | Reached skill level 16 in Spellcasting
 14286 | D:14     | Noticed a boulder beetle
 14302 | D:14     | Killed a boulder beetle
 14446 | D:14     | Noticed a centaur warrior
 14450 | D:14     | Killed a centaur warrior
 14451 | D:14     | Noticed a wizard
 14458 | D:14     | Killed a wizard
 14458 | D:14     | Offered knowledge of Static Discharge by Vehumet.
 14459 | D:14     | Reached XP level 12. HP: 66/66 MP: 22/34
 14586 | D:14     | Noticed a six-headed hydra
 14600 | D:14     | Killed a six-headed hydra
 14706 | D:14     | Killed a boulder beetle
 14706 | D:14     | Reached ** piety under Vehumet
 14786 | D:14     | Found a shimmering blue altar of Sif Muna.
 14897 | D:14     | Noticed a catoblepas
 14905 | D:14     | Killed a catoblepas
 14906 | D:14     | Reached skill level 10 in Conjurations
 14995 | D:14     | Found a runed translucent door.
 14995 | D:14     | Noticed Wociock's ghost (journeyman DgWz)
 15084 | D:14     | Noticed a centaur warrior
 15091 | D:14     | Killed a centaur warrior
 15437 | D:13     | Found Lealaf's General Store.
 15519 | D:13     | Noticed a vault guard
 15519 | D:13     | Noticed a vault guard
 15527 | D:13     | Reached skill level 17 in Spellcasting
 15977 | D:11     | Noticed a two-headed ogre
 15983 | D:11     | Noticed a two-headed ogre
 15988 | D:11     | Killed a two-headed ogre
 15989 | D:11     | Killed a two-headed ogre
 15996 | D:11     | Noticed Nergalle
 16006 | D:11     | Killed Nergalle
 16353 | D:11     | Noticed a boulder beetle
 16362 | D:11     | Killed a boulder beetle
 16740 | D:11     | Reached skill level 5 in Fighting
 16955 | D:11     | Noticed a two-headed ogre
 16965 | D:11     | Killed a two-headed ogre
 17314 | D:11     | Reached skill level 10 in Fire Magic
 17528 | D:12     | Found Wyhah's Assorted Antiques.
 17815 | D:12     | Noticed Urug
 17823 | D:12     | Killed Urug
 18136 | D:12     | Learned a level 5 spell: Freezing Cloud
 18161 | D:12     | Reached skill level 18 in Spellcasting
 18165 | D:12     | Noticed a four-headed hydra
 18179 | D:12     | Killed a four-headed hydra
 18180 | D:12     | Reached skill level 1 in Ice Magic
 18884 | D:12     | Found a staircase to the Orcish Mines.
 19260 | D:13     | Reached XP level 13. HP: 72/72 MP: 37/37
 19480 | D:13     | Reached skill level 5 in Armour
 19790 | D:13     | Offered knowledge of Inner Flame by Vehumet.
 19839 | D:13     | Noticed Nessos
 19854 | D:13     | Killed Nessos
 19863 | D:13     | Mangled by a catoblepas

Illustrated notes

Levels and vault maps discovered:
D:1:      dpeg_arrival_solitude, layout_basic,
          hellmonk_ecumenical_altar_arch_garden
D:2:      layout_loops_ring
D:3:      wander_river, layout_loops_ring, nicolae_yredelemnul_corpse_copse,
          gammafunk_ghost_stat_death
D:4:      layout_rooms, minmay_overflow_temple_star_hex,
          serial_co_window_serial, co_window_of_opportunity_a,
          co_window_paths_b, co_window_corner_a, co_window_corner_a,
          co_window_of_opportunity_a, co_window_paths_a, co_window_corner_a,
          co_window_paths_a, co_window_of_opportunity_a,
          co_window_unsneaky_path_d, co_window_unsneaky_path_c,
          co_window_corner_b, co_window_paths_c, co_window_paths_d,
          glass_columns_c, glass_columns_a, glass_columns_b, glass_columns_c,
          glass_columns_c, serial_shops, nicolae_lakefront_shop,
          kennysheep_little_box
D:5:      layout_basic, minmay_temple_entry_stoned_glass
D:6:      layout_cave_pods
D:7:      layout_basic, hangedman_feature_mirror, grunt_decor_arrowhead,
          kennysheep_generic_room_7
D:8:      layout_basic, gammafunk_ghost_berserking_beasts
D:9:      layout_irregular_city, amcnicky_altar_gilded,
          overflow_temple_1_default, worldfamousw_hep_ancestral_shrine,
          mainiacjoe_overflow_alcove_2, nzn_wu_jian_contemplation,
          lemuel_coloured_pillars_altar, lair_entry_dummy, uniq_erica
D:10:     layout_stronghold, lemuel_doored_altar, serial_shops, shop
D:11:     layout_layer_cave, uniq_nergalle
D:12:     layout_layer_cave, orc_0_dummy, serial_shops, shop, uniq_urug
D:13:     layout_loops_cross, grunt_vaults_entry_fortified,
          nicolae_take_the_stairs, uniq_nessos
D:14:     layout_stronghold, chequers_serial_rivers_room_a,
          gauntlet_entry_generic, hellmonk_ghost_happy_afterlife,
          kennysheep_orc_sif_temple
Temple:   compressed_dpeg_triangle_lava_temple

Skill      XL: |  1  2  3  4  5  6  7  8  9 10 11 12 13 |
---------------+----------------------------------------+-----
Spellcasting   | 5 6 7 8 10 12 14 16 18 | 18.8
Fighting       | 1 2 3 4 5 |  5.2
Armour         | 1 2 3 4 5 |  5.0
Conjurations   | 2 3 4 5 7 8 9 11 | 11.3
Dodging        | 3 |  3.0
Shields        | 1 2 3 4 |  4.0
Fire Magic     | 1 2 4 5 7 9 10 | 10.7
Stealth        | 3 |  3.0
Air Magic      | 1 |  1.0
Poison Magic   | 1 |  1.2
Earth Magic    | 1 |  1.2
Evocations     | 1 |  1.0
Ice Magic      | 1 |  1.0
Summonings     | |  1.1
Translocations | |  1.1

Action                   |  1- 3 |  4- 6 |  7- 9 | 10-12 | 13-15 || total
-------------------------+-------+-------+-------+-------+-------++-------
Melee: Trident           |     1 |     8 |       |       |       ||     9
       Dagger            |       |    11 |       |       |       ||    11
       Scimitar          |       |    16 |    22 |       |       ||    38
       Spear             |       |       |     9 |       |       ||     9
       Staff             |       |       |       |    22 |     3 ||    25
 Cast: Magic Dart        |   113 |   107 |    76 |    26 |     2 ||   324
       Conjure Flame     |       |     4 |    13 |    34 |     8 ||    59
       Mephitic Cloud    |       |    11 |     9 |    45 |     6 ||    71
       Stone Arrow       |       |     2 |   104 |   236 |    49 ||   391
       Blink             |       |       |       |     8 |       ||     8
       Call Imp          |       |       |       |     2 |       ||     2
       Freezing Cloud    |       |       |       |       |     1 ||     1
  Use: Scroll            |       |       |     4 |     9 |       ||    13
 Stab: Sleeping          |       |     1 |       |       |       ||     1
       Confused          |       |     3 |     3 |     1 |       ||     7
Armor: Robe              |     3 |     7 |       |       |       ||    10
       Leather armour    |       |     6 |    42 |    39 |       ||    87
       Troll leather arm |       |       |       |     4 |     2 ||     6
Dodge: Dodged            |    11 |    23 |    44 |    68 |     4 ||   150

Table legend: (Time is in decaauts)
 A = Elapsed time spent in this place.
 B = Non-inter-level travel time spent in this place.
 C = Inter-level travel time spent in this place.
 D = Time resting spent in this place.
 E = Time spent auto-exploring this place.
 F = Levels seen in this place.
 G = Mean time per level.
                   A        B        C        D        E       F      G
               +--------+--------+--------+--------+--------+-----+--------+
         Total |  19916 |  19154 |    762 |   3312 |  12849 |  16 | 1244.8 |
       Dungeon |  18562 |  17824 |    738 |   2816 |  12408 |  14 | 1325.9 |
        Temple |    291 |    268 |     23 |      0 |    232 |   1 |  291.0 |
      Gauntlet |   1062 |   1062 |      0 |    496 |    209 |   1 | 1062.0 |
               +--------+--------+--------+--------+--------+-----+--------+

Top non-repeatable levels by time:
    D:12: 1794 daAuts
     D:3: 1770 daAuts
    D:11: 1699 daAuts
    D:14: 1569 daAuts
     D:9: 1568 daAuts
     D:7: 1407 daAuts
     D:6: 1365 daAuts
    D:10: 1352 daAuts
     D:4: 1113 daAuts
     D:8: 1105 daAuts
Gauntlet: 1062 daAuts
     D:1: 1060 daAuts
     D:5: 1010 daAuts
     D:2: 927 daAuts
    D:13: 816 daAuts
